APL (24 & UNDER)
SCOTTSDALE SCORPIONS @ NANTUCKET ORCAS
08/01/2027
 
TOP OF THE 1ST
Scottsdale Scorpions batting - Pitching for Nantucket Orcas : LHP Ray Morgan
Pitching: LHP Ray Morgan
Batting: LHB José Garza 0-0: Ball
1-0: Called Strike
1-1: Foul Ball, location: 2F
1-2: Strikes out swinging
Batting: LHB Alberto Roberts 0-0: Swinging Strike
0-1: Foul Ball, location: 2F
0-2: Ball
1-2: Strikes out swinging
Batting: SHB Ralph Robison 0-0: DOUBLE (Groundball, 3L)
Batting: LHB Sergio Fernández 0-0: Called Strike
0-1: Ball
1-1: Fly out, F4 (Line Drive, 4)
Top of the 1st over - 0 run(s), 1 hit(s), 0 error(s), 1 left on base; Scottsdale 0 - Nantucket 0
BOTTOM OF THE 1ST
Nantucket Orcas batting - Pitching for Scottsdale Scorpions : RHP Sterling Caldwell
Pitching: RHP Sterling Caldwell
Batting: RHB Ramiro Javier 0-0: Called Strike
0-1: Foul Ball, location: 2F
0-2: DOUBLE (Line Drive, 78M)
Batting: RHB Mike Willis 0-0: Ball
1-0: Called Strike
1-1: Ball
2-1: Ball
3-1: Base on Balls
Ramiro Javier steals 3rd base
Batting: LHB Noah Gillespie 0-0: Ball
1-0: Foul Ball, location: 2F
1-1: Fielders Choice at 2nd, 1-6 (Groundball, 13)
Batting: RHB Pepe Franco 0-0: Ball
1-0: Swinging Strike
1-1: Ball
Noah Gillespie steals 2nd base
2-1: SINGLE (Flyball, 9LS)
Ramiro Javier scores
Noah Gillespie to third
Runner from 3rd tries for Home, SAFE, no throw
Batting: SHB Dan Dunn 0-0: Ball
1-0: Ball
2-0: Called Strike
2-1: Called Strike
2-2: Ball
3-2: Base on Balls
Pepe Franco to second
Batting: RHB Roberto Canó 0-0: Called Strike
0-1: Foul Ball, location: 2F
0-2: Ball
1-2: Foul Ball, location: 2F
1-2: Grounds into double play, 5-4-3 (Groundball, 5)
Bottom of the 1st over - 2 run(s), 2 hit(s), 0 error(s), 1 left on base; Scottsdale 0 - Nantucket 2
TOP OF THE 2ND
Scottsdale Scorpions batting - Pitching for Nantucket Orcas : LHP Ray Morgan
Batting: RHB Edgardo Gonzáles 0-0: Called Strike
0-1: Called Strike
0-2: Ball
1-2: Ground out 6-3 (Groundball, 6)
Batting: RHB Ronald Smith 0-0: Called Strike
0-1: Called Strike
0-2: Foul Ball, location: 2F
0-2: Strikes out swinging
Batting: RHB Jaime Delgado 0-0: Ball
1-0: Called Strike
1-1: Ball
2-1: Foul Ball, location: 2F
2-2: Ball
3-2: Strikes out swinging
Top of the 2nd over - 0 run(s), 0 hit(s), 0 error(s), 0 left on base; Scottsdale 0 - Nantucket 2
BOTTOM OF THE 2ND
Nantucket Orcas batting - Pitching for Scottsdale Scorpions : RHP Sterling Caldwell
Batting: RHB Anastasio Zartuche 0-0: Ball
1-0: Swinging Strike
1-1: Ball
2-1: Ball
3-1: Base on Balls
Batting: LHB Mauro Díaz 0-0: Swinging Strike
0-1: Called Strike
0-2: Foul Ball, location: 2F
0-2: Ball
1-2: Ball
2-2: Ball
3-2: Fly out, F3 (Popup, 3)
Batting: LHB Eugene Lee 0-0: Foul Ball, location: 2F
0-1: Called Strike
0-2: Ball
1-2: Strikes out swinging
Batting: RHB Ramiro Javier 0-0: Called Strike
0-1: Ball
1-1: Called Strike
1-2: Foul Ball, location: 2F
1-2: Foul Ball, location: 2F
1-2: SINGLE (Line Drive, 7S)
Anastasio Zartuche to second
Anastasio Zartuche to third
Batting: RHB Mike Willis 0-0: Called Strike
0-1: DOUBLE (Line Drive, 9)
Anastasio Zartuche scores
Ramiro Javier to third
Runner from 3rd tries for Home, SAFE, no throw
Batting: LHB Noah Gillespie 0-0: Foul Ball, location: 2F
0-1: Ball
1-1: Ball
2-1: Foul Ball, location: 2F
2-2: Ball
3-2: Fly out, F9 (Flyball, 9D)
Bottom of the 2nd over - 2 run(s), 2 hit(s), 0 error(s), 1 left on base; Scottsdale 0 - Nantucket 4
TOP OF THE 3RD
Scottsdale Scorpions batting - Pitching for Nantucket Orcas : LHP Ray Morgan
Batting: RHB Miguel Ramos 0-0: DOUBLE (Flyball, 9)
Batting: SHB Luis López 0-0: Called Strike
0-1: Ball
1-1: Fly out, F8 (Flyball, 8LM)
Batting: LHB José Garza 0-0: Called Strike
0-1: Fly out, F3 (Line Drive, 3)
Batting: LHB Alberto Roberts 0-0: Foul Ball, location: 2F
0-1: Ball
1-1: SINGLE (Groundball, 4MD)
Miguel Ramos to third
Runner from 3rd tries for Home, SAFE, no throw
Batting: SHB Ralph Robison 0-0: Swinging Strike
0-1: Ball
1-1: Ball
Alberto Roberts is caught stealing 2nd base
Top of the 3rd over - 1 run(s), 2 hit(s), 0 error(s), 0 left on base; Scottsdale 1 - Nantucket 4
BOTTOM OF THE 3RD
Nantucket Orcas batting - Pitching for Scottsdale Scorpions : RHP Sterling Caldwell
Batting: RHB Pepe Franco 0-0: Ball
1-0: Called Strike
1-1: Foul Ball, location: 2F
1-2: Ball
2-2: Strikes out swinging
Batting: SHB Dan Dunn 0-0: Ball
1-0: Ball
2-0: Swinging Strike
2-1: Foul Ball, location: 2F
2-2: Ball
3-2: Foul Ball, location: 2F
3-2: Strikes out looking
Batting: RHB Roberto Canó 0-0: Ball
1-0: Swinging Strike
1-1: Ball
2-1: Swinging Strike
2-2: Ball
3-2: SINGLE (Flyball, 78S)
Batting: RHB Anastasio Zartuche 0-0: Called Strike
0-1: Foul Ball, location: 2F
0-2: Fly out, F2 (Popup, 13S)
Bottom of the 3rd over - 0 run(s), 1 hit(s), 0 error(s), 1 left on base; Scottsdale 1 - Nantucket 4
TOP OF THE 4TH
Scottsdale Scorpions batting - Pitching for Nantucket Orcas : LHP Ray Morgan
Batting: SHB Ralph Robison 0-0: Called Strike
0-1: Swinging Strike
0-2: Ball
1-2: Ball
2-2: Ball
3-2: Base on Balls
Batting: LHB Sergio Fernández 0-0: Ball
1-0: Foul Ball, location: 2F
1-1: Called Strike
1-2: Foul Ball, location: 2F
1-2: DOUBLE (Line Drive, 9D)
Ralph Robison to third
Batting: RHB Edgardo Gonzáles 0-0: Called Strike
0-1: Ball
1-1: Ball
2-1: Ground out 5-3 (Groundball, 56S)
Ralph Robison scores
Sergio Fernández to third
Batting: RHB Ronald Smith 0-0: Ball
1-0: Ball
2-0: Ball
3-0: Foul Ball, location: 2F
3-1: Foul Ball, location: 2F
3-2: Foul Ball, location: 2F
3-2: Strikes out swinging
Batting: RHB Jaime Delgado 0-0: Ball
Wild Pitch!
Sergio Fernández scores
1-0: Ball
2-0: Foul Ball, location: 2F
2-1: Swinging Strike
2-2: Strikes out swinging
Top of the 4th over - 2 run(s), 1 hit(s), 0 error(s), 0 left on base; Scottsdale 3 - Nantucket 4
BOTTOM OF THE 4TH
Nantucket Orcas batting - Pitching for Scottsdale Scorpions : RHP Sterling Caldwell
Batting: LHB Mauro Díaz 0-0: SINGLE (Line Drive, 78M)
Batting: LHB Eugene Lee 0-0: Ball
1-0: Fly out, F3 (Popup, 3D)
Batting: RHB Ramiro Javier 0-0: Ball
1-0: Fly out, F9 (Flyball, 89M)
Batting: RHB Mike Willis 0-0: Ball
1-0: Ball
2-0: Foul Ball, location: 2F
2-1: Ball
3-1: Base on Balls
Mauro Díaz to second
Pitching: RHP Julián García
Batting: LHB Noah Gillespie 0-0: Fly out, F8 (Flyball, 8LS)
Bottom of the 4th over - 0 run(s), 1 hit(s), 0 error(s), 2 left on base; Scottsdale 3 - Nantucket 4
TOP OF THE 5TH
Scottsdale Scorpions batting - Pitching for Nantucket Orcas : LHP Ray Morgan
Batting: RHB Miguel Ramos 0-0: Swinging Strike
0-1: Ground out 6-3 (Groundball, 56)
Batting: SHB Luis López 0-0: Swinging Strike
0-1: Called Strike
0-2: Ball
1-2: Ball
2-2: Strikes out swinging
Batting: LHB José Garza 0-0: Ball
1-0: Foul Ball, location: 2F
1-1: Foul Ball, location: 2F
1-2: Reached on error, E6 (Groundball, 6M)
Pitching: RHP Loeck Adriaanse
Batting: LHB Alberto Roberts 0-0: Ball
José Garza is caught stealing 2nd base
Top of the 5th over - 0 run(s), 0 hit(s), 1 error(s), 0 left on base; Scottsdale 3 - Nantucket 4
BOTTOM OF THE 5TH
Nantucket Orcas batting - Pitching for Scottsdale Scorpions : RHP Julián García
Batting: RHB Pepe Franco 0-0: Foul Ball, location: 2F
0-1: Ground out 5-3 (Groundball, 56)
Batting: SHB Dan Dunn 0-0: Ball
1-0: Ground out 1-3 (Groundball, 15)
Batting: RHB Roberto Canó 0-0: Ball
1-0: Swinging Strike
1-1: Ball
2-1: Ground out 6-3 (Groundball, 6)
Bottom of the 5th over - 0 run(s), 0 hit(s), 0 error(s), 0 left on base; Scottsdale 3 - Nantucket 4
TOP OF THE 6TH
Scottsdale Scorpions batting - Pitching for Nantucket Orcas : RHP Loeck Adriaanse
Batting: LHB Alberto Roberts 0-0: Ball
1-0: Ball
2-0: SINGLE (Line Drive, 34D)
Batting: SHB Ralph Robison 0-0: Ball
1-0: Called Strike
1-1: Foul Ball, location: 2F
1-2: Grounds into double play, 4-6-3 (Groundball, 4)
Batting: LHB Sergio Fernández 0-0: Ball
1-0: Ball
2-0: Foul Ball, location: 2F
2-1: Called Strike
2-2: Strikes out looking
Top of the 6th over - 0 run(s), 1 hit(s), 0 error(s), 0 left on base; Scottsdale 3 - Nantucket 4
BOTTOM OF THE 6TH
Nantucket Orcas batting - Pitching for Scottsdale Scorpions : RHP Julián García
Batting: RHB Anastasio Zartuche 0-0: SOLO HOME RUN (Flyball, 7D), Distance : 376 ft
Batting: LHB Mauro Díaz 0-0: Foul Ball, location: 2F
0-1: Ground out 4-3 (Groundball, 4)
Batting: LHB Eugene Lee 0-0: Ball
1-0: Foul Ball, location: 2F
1-1: Bunt for hit - play at first, batter OUT! 1-3
Batting: RHB Ramiro Javier 0-0: Called Strike
0-1: Ball
1-1: Ball
2-1: Ball
3-1: Ground out 4-3 (Groundball, 4)
Bottom of the 6th over - 1 run(s), 1 hit(s), 0 error(s), 0 left on base; Scottsdale 3 - Nantucket 5
TOP OF THE 7TH
Scottsdale Scorpions batting - Pitching for Nantucket Orcas : RHP Loeck Adriaanse
Batting: RHB Edgardo Gonzáles 0-0: Foul Ball, location: 2F
0-1: Swinging Strike
0-2: Ground out 6-3 (Groundball, 6)
Batting: RHB Ronald Smith 0-0: Called Strike
0-1: Ball
1-1: Ball
2-1: Called Strike
2-2: Ball
3-2: Base on Balls
Batting: RHB Jaime Delgado 0-0: Called Strike
0-1: Ball
1-1: Ball
2-1: Ball
3-1: Base on Balls
Ronald Smith to second
Pinch Hitting: RHB Sergio Domínguez 0-0: Called Strike
0-1: Ball
1-1: Grounds into double play, 6-4-3 (Groundball, 6)
Top of the 7th over - 0 run(s), 0 hit(s), 0 error(s), 1 left on base; Scottsdale 3 - Nantucket 5
BOTTOM OF THE 7TH
Nantucket Orcas batting - Pitching for Scottsdale Scorpions : RHP Julián García
Now at SS: Ricardo Gutiérrez
Batting: RHB Mike Willis 0-0: Ball
1-0: Fly out, F8 (Flyball, 8LS)
Batting: LHB Noah Gillespie 0-0: Ball
1-0: Foul Ball, location: 2F
1-1: Foul Ball, location: 2F
1-2: Strikes out swinging
Batting: RHB Pepe Franco 0-0: Called Strike
0-1: Foul Ball, location: 2F
0-2: SINGLE (Flyball, 9S)
Batting: SHB Dan Dunn 0-0: Ball
1-0: Foul Ball, location: 2F
1-1: Called Strike
Pepe Franco steals 2nd base
1-2: Strikes out looking
Bottom of the 7th over - 0 run(s), 1 hit(s), 0 error(s), 1 left on base; Scottsdale 3 - Nantucket 5
TOP OF THE 8TH
Scottsdale Scorpions batting - Pitching for Nantucket Orcas : RHP Loeck Adriaanse
Batting: SHB Luis López 0-0: Called Strike
0-1: Ball
1-1: Swinging Strike
1-2: Foul Ball, location: 2F
1-2: Ball
2-2: Ball
3-2: Base on Balls
Pitching: RHP Kade Coleman
Batting: LHB José Garza 0-0: Ball
1-0: Swinging Strike
1-1: Ball
2-1: SINGLE (Flyball, 8LS)
Luis López to second
Batting: LHB Alberto Roberts 0-0: Foul Ball, location: 2F
0-1: Sac Bunt - play at first, batter OUT! 5-3
Luis López to third
José Garza to second
Batting: SHB Ralph Robison 0-0: Fly out, F8 (Flyball, 8LM)
Runner from 3rd tags up, SCORES, no throw
Batting: LHB Sergio Fernández 0-0: Ball
1-0: Swinging Strike
1-1: Called Strike
1-2: Ball
2-2: Strikes out swinging
Top of the 8th over - 1 run(s), 1 hit(s), 0 error(s), 1 left on base; Scottsdale 4 - Nantucket 5
BOTTOM OF THE 8TH
Nantucket Orcas batting - Pitching for Scottsdale Scorpions : RHP Julián García
Batting: RHB Roberto Canó 0-0: Ball
1-0: Ball
2-0: Called Strike
2-1: Ball
3-1: Foul Ball, location: 2F
3-2: Ground out 6-3 (Groundball, 56)
Batting: RHB Anastasio Zartuche 0-0: Ball
1-0: Swinging Strike
1-1: Fly out, F7 (Line Drive, 7S)
Batting: LHB Mauro Díaz 0-0: Foul Ball, location: 2F
0-1: Ball
1-1: Foul Ball, location: 2F
1-2: Fly out, F3 (Popup, 3L)
Bottom of the 8th over - 0 run(s), 0 hit(s), 0 error(s), 0 left on base; Scottsdale 4 - Nantucket 5
TOP OF THE 9TH
Scottsdale Scorpions batting - Pitching for Nantucket Orcas : RHP Kade Coleman
Pitching: RHP Sean Flynn
Pinch Hitting: SHB Arnold Moore 0-0: Ball
1-0: SINGLE (Line Drive, 6MD)
Pinch Runner at 1st Ernesto Hernández:
Batting: RHB Ronald Smith 0-0: Called Strike
0-1: Ball
1-1: Swinging Strike
1-2: Ball
2-2: Strikes out swinging
Pinch Hitting: LHB Manny Vigil 0-0: Ball
1-0: Reached on error, E5 (Groundball, 56)
Ernesto Hernández to second
Pinch Hitting: SHB Juan Gonzáles 0-0: Called Strike
0-1: Foul Ball, location: 2F
0-2: SINGLE (Flyball, 7S)
Ernesto Hernández to third
Manny Vigil to second
Runner from 3rd tries for Home, SAFE, no throw
Pinch Hitting: RHB Brian Stewart 0-0: Grounds into double play, 4-6-3 (Groundball, 4)
Top of the 9th over - 1 run(s), 2 hit(s), 1 error(s), 1 left on base; Scottsdale 5 - Nantucket 5
BOTTOM OF THE 9TH
Nantucket Orcas batting - Pitching for Scottsdale Scorpions : RHP Julián García
Now at 2B: Robinson Fernández
Now at 3B: Juan Gonzáles
Now at SS: Lúcio Ramírez
Now in RF: Ernesto Hernández
Batting: LHB Eugene Lee 0-0: DOUBLE (Line Drive, 89D)
Pinch Hitting: LHB Juan Lima 0-0: Intentional Walk
Batting: RHB Mike Willis 0-0: Called Strike
0-1: Ball
1-1: Grounds into double play, 6-4-3 (Groundball, 56)
Eugene Lee to third
Batting: LHB Noah Gillespie 0-0: Ball
1-0: Foul Ball, location: 2F
1-1: Fly out, F7 (Flyball, 78S)
Bottom of the 9th over - 0 run(s), 1 hit(s), 0 error(s), 1 left on base; Scottsdale 5 - Nantucket 5
TOP OF THE 10TH
Scottsdale Scorpions batting - Pitching for Nantucket Orcas : RHP Sean Flynn
Now at 2B: Juan Lima
Batting: LHB José Garza 0-0: Ball
1-0: Swinging Strike
1-1: Called Strike
1-2: Foul Ball, location: 2F
1-2: Strikes out swinging
Batting: LHB Alberto Roberts 0-0: Foul Ball, location: 2F
0-1: Ball
1-1: Swinging Strike
1-2: Ball
2-2: SINGLE (Groundball, 56D)
Batting: SHB Ralph Robison 0-0: Ball
1-0: Foul Ball, location: 2F
1-1: Swinging Strike
1-2: Strikes out looking
Batting: LHB Sergio Fernández 0-0: Ball
1-0: Ball
2-0: Foul Ball, location: 2F
2-1: Ball
3-1: Base on Balls
Alberto Roberts to second
Batting: LHB Ernesto Hernández 0-0: Ball
1-0: Foul Ball, location: 2F
1-1: Fly out, F1 (Line Drive, 15)
Top of the 10th over - 0 run(s), 1 hit(s), 0 error(s), 2 left on base; Scottsdale 5 - Nantucket 5
BOTTOM OF THE 10TH
Nantucket Orcas batting - Pitching for Scottsdale Scorpions : RHP Julián García
Batting: RHB Pepe Franco 0-0: Ball
1-0: Foul Ball, location: 2F
1-1: Ground out 6-3 (Groundball, 6)
Batting: SHB Dan Dunn 0-0: Foul Ball, location: 2F
0-1: Foul Ball, location: 2F
0-2: Strikes out swinging
Batting: RHB Roberto Canó 0-0: Ball
1-0: Called Strike
1-1: Foul Ball, location: 2F
1-2: Foul Ball, location: 2F
1-2: Ball
2-2: Ball
3-2: Base on Balls
Pitching: RHP Jesús Ramírez
Batting: RHB Anastasio Zartuche 0-0: Called Strike
0-1: TRIPLE (Line Drive, 7LM)
Roberto Canó scores
Thursday, March 30th, 2017 - OOTP Baseball 17.12 Build 75